Map: Aura de mort EC

Players

Skelirex - Winner!

  • Race: Terran Terran
  • Spawn Location: 5:00

Telpi

  • Race: Zerg Zerg
  • League: Gold
  • Spawn Location: 11:00

VOD

Have the link to the VOD?

Description

Time

  • Played on: Jan. 30, 2021, 12:07 p.m.
  • Length: 16:08
Show
View Real Time Build Order
Export as new Build Order

Skelirex Terran - Winner!

Build Orders: 2 Factory, Mech 

Get SALT Encoding   

  12  0:00  SCV  
  13  0:14  Supply Depot  
  13  0:16  SCV  
  14  0:28  SCV  
  15  0:37  Barracks  
  15  0:40  SCV  
  16  0:47  Refinery  
  16  0:53  SCV  
  17  1:05  SCV  
  18  1:26  Orbital Command  
  18  1:42  Command Center  
  18  1:52  SCV  
  19  2:02  Factory  
  19  2:05  SCV  
  20  2:09  Supply Depot  
  20  2:16  Barracks Tech Lab  
  20  2:17  SCV  
  21  2:29  SCV  
  22  2:34  Marine  
  23  2:41  SCV  
  24  2:44  Factory  
  24  2:45  Refinery  
  24  2:53  SCV  
  25  3:02  Barracks Reactor  
  25  3:05  SCV  
  26  3:08  Hellion  
  26  3:10  Supply Depot  
  29  3:15  Orbital Command  
  29  3:17  SCV  
  29  3:29  SCV  
  32  3:40  Siege Tank  
  33  3:41  SCV  
  34  3:53  SCV  
  34  3:54  SCV  
  36  3:59  Hellion x2  
  36  4:01  Supply Depot  
  40  4:06  SCV x2  
  40  4:07  Refinery  
  42  4:12  Siege Tank  
  45  4:18  SCV x2  
  45  4:20  Hellion  
  49  4:28  Command Center  
  49  4:30  SCV x2  
  51  4:34  Hellion  
  51  4:38  Supply Depot  
  53  4:42  SCV x2  
  53  4:44  Siege Tank  
  58  4:54  SCV  
  58  4:55  SCV  
  58  4:59  Hellion  
  64  5:00  Hellion  
  64  5:01  Supply Depot  
  64  5:04  Armory  
  64  5:06  SCV  
  65  5:13  SCV  
  66  5:14  Refinery  
  66  5:16  Siege Tank  
  66  5:17  Armory  
  66  5:19  SCV  
  70  5:23  Hellion x2  
  70  5:25  SCV  
  75  5:37  SCV x2  
  77  5:46  Command Center  
  77  5:48  Siege Tank  
  77  5:49  SCV  
  82  5:50  SCV  
  82  6:07  SCV x2  
  84  6:11  Orbital Command  
  84  6:19  SCV x2, Hellbat x2  
  90  6:31  Terran Vehicle Weapons Level 1, SCV  
  91  6:33  Terran Vehicle And Ship Armor Level 1  
  91  6:39  SCV x2  
  93  6:51  Supply Depot x2  
  93  6:53  Engineering Bay, Supply Depot  
  93  6:56  Refinery  
  93  6:57  Thor, SCV x2  
  93  6:58  SCV, Hellbat x2  
  106  7:10  SCV x2  
  106  7:13  SCV  
  109  7:19  Hellbat x2  
  109  7:22  SCV x2  
  115  7:25  SCV  
  115  7:28  Command Center  
  116  7:31  Neosteel Armor  
  116  7:34  Refinery  
  116  7:36  SCV x2  
  118  7:37  SCV  
  118  7:40  Thor  
  125  7:47  Hellbat  
  125  7:48  SCV x2, Hellbat  
  125  7:49  SCV  
  132  7:54  Infernal Pre-Igniter  
  132  8:00  Factory  
  132  8:16  SCV x2  
  132  8:36  Command Center  
  132  8:38  Supply Depot x2  
  132  8:39  Supply Depot x2  
  132  8:40  Supply Depot  
  132  8:46  Factory Tech Lab  
  132  8:55  Terran Vehicle Weapons Level 2  
  132  8:58  Terran Vehicle And Ship Armor Level 2  
  132  8:59  Thor, SCV x2  
  132  9:00  SCV, Hellbat x2  
  145  9:12  SCV x3  
  148  9:22  Hellbat x2  
  148  9:24  SCV x3  
  155  9:33  Thor  
  155  9:36  SCV  
  162  9:38  SCV x2  
  162  9:42  Thor  
  162  9:43  Hellbat  
  171  9:45  Missile Turret  
  171  9:46  Missile Turret  
  171  9:47  Missile Turret, Hellbat  
  171  9:48  SCV  
  171  9:50  Missile Turret  
  168  10:00  Command Center  
  168  10:04  Missile Turret, Hellbat  
  168  10:05  Missile Turret  
  168  10:06  SCV x2  
  172  10:10  Missile Turret  
  172  10:11  Missile Turret  
  172  10:12  Missile Turret  
  172  10:15  SCV  
  172  10:17  Missile Turret x2  
  172  10:18  Missile Turret, Thor  
  172  10:20  Missile Turret  
  166  10:25  Thor  
  172  10:33  Missile Turret  
  172  10:36  Missile Turret  
  172  10:39  Thor x4  
  170  10:46  Missile Turret  
  166  10:54  Missile Turret  
  165  10:59  Missile Turret  
  165  11:01  Thor  
  168  11:08  Thor  
  171  11:14  Missile Turret x2  
  171  11:15  Missile Turret  
  170  11:24  Smart Servos  
  170  11:43  Thor  
  170  11:46  Refinery x2  
  176  11:50  Missile Turret x2, Thor  
  176  11:51  Missile Turret  
  176  11:53  Missile Turret  
  182  12:05  Hellbat x2  
  166  12:13  SCV x3  
  114  12:25  SCV x2  
  114  12:26  Thor, Hellbat x2  
  110  12:33  Thor  
  110  12:39  SCV x3  
  101  12:46  Command Center  
  101  12:47  Hellbat  
  101  12:48  Hellbat  
  101  12:49  Refinery  
  101  12:51  SCV x3  
  108  12:55  Missile Turret  
  108  12:57  Terran Vehicle Weapons Level 3  
  108  13:03  SCV x3  
  111  13:09  Thor, Hellbat x2  
  121  13:15  SCV x2  
  121  13:16  Thor  
  129  13:20  Missile Turret  
  129  13:30  Widow Mine, Hellbat  
  129  13:33  Command Center  
  133  13:48  SCV x3  
  136  13:52  Thor, Hellbat x2  
  146  13:59  Thor  
  146  14:00  SCV x2  
  151  14:13  Hellbat x2  
  154  14:33  Refinery  
  154  14:34  Hellbat  
  154  14:35  Thor, Hellbat  
  164  14:38  Missile Turret  
  164  14:39  Missile Turret x2  
  164  14:42  Thor  
  170  14:56  Hellbat x2  
  174  15:00  Missile Turret  
  174  15:17  Thor, Hellbat x2  
  174  15:21  Factory x2  
  184  15:22  SCV x2  
  184  15:24  Thor, Factory  
  184  15:25  Factory  
  184  15:26  Factory  
  192  15:38  Hellbat  
  192  15:39  Hellbat  
  192  15:52  SCV  
  191  16:04  Missile Turret x2  
  197  16:05  Missile Turret  
Show
View Real Time Build Order
Export as new Build Order

Telpi Zerg 

Build Orders: Hatch First, Brood Lord Corruptor 

Get SALT Encoding   

  12  0:01  Drone  
  13  0:13  Overlord  
  13  0:16  Drone  
  14  0:31  Drone x2  
  16  0:50  Hatchery  
  16  0:53  Drone  
  16  0:56  Drone  
  17  0:59  Drone  
  18  1:10  Extractor  
  17  1:15  Spawning Pool  
  17  1:18  Drone  
  17  1:22  Drone  
  18  1:28  Drone  
  19  1:39  Overlord  
  19  1:49  Drone  
  20  2:02  Queen x2  
  20  2:04  Zergling x4  
  26  2:12  Drone  
  26  2:13  Metabolic Boost  
  26  2:15  Drone  
  28  2:21  Drone  
  29  2:23  Drone  
  30  2:34  Drone  
  31  2:46  Hatchery  
  30  2:55  Queen  
  30  2:56  Queen  
  30  2:58  Drone  
  35  3:02  Overlord  
  35  3:07  Overlord  
  35  3:13  Drone  
  36  3:27  Drone x7  
  36  3:33  Drone  
  44  3:39  Drone x4  
  48  3:55  Extractor  
  48  3:57  Extractor, Evolution Chamber  
  48  3:58  Roach Warren, Drone  
  45  4:13  Lair  
  45  4:15  Drone  
  45  4:16  Drone x2  
  48  4:17  Drone x3  
  48  4:20  Overlord x2  
  51  4:27  Zerg Missile Weapons Level 1  
  51  4:35  Queen  
  53  4:41  Drone  
  53  4:42  Drone x2  
  53  4:43  Drone  
  53  4:44  Drone x2  
  59  4:47  Extractor  
  59  4:51  Extractor  
  57  4:55  Roach  
  57  4:56  Roach x7  
  57  4:57  Overlord  
  73  5:10  Glial Reconstitution  
  73  5:19  Roach  
  73  5:20  Roach x3  
  81  5:21  Overlord x2  
  81  5:22  Overlord  
  81  5:44  Pneumatized Carapace  
  81  5:51  Drone  
  81  5:52  Drone x2  
  81  5:53  Extractor  
  83  5:57  Infestation Pit  
  83  6:03  Spire  
  83  6:04  Spire  
  74  6:18  Roach x10  
  92  6:20  Roach  
  96  6:31  Drone x5  
  96  6:32  Drone  
  102  6:34  Drone  
  103  6:44  Drone x2  
  105  6:49  Drone  
  105  6:54  Overlord x4  
  106  7:14  Drone x3  
  109  7:17  Hive  
  109  7:18  Zerg Flyer Weapons Level 1  
  109  7:19  Zerg Flyer Armor Level 1  
  109  7:21  Mutalisk  
  109  7:22  Mutalisk x2  
  115  7:28  Drone x4  
  119  7:38  Drone x7  
  119  7:40  Drone  
  127  7:52  Mutalisk x4  
  127  7:53  Mutalisk  
  127  7:55  Overlord  
  137  8:18  Hatchery  
  132  8:25  Extractor x2  
  124  8:29  Mutalisk  
  124  8:30  Mutalisk x9  
  124  8:32  Overlord  
  124  8:33  Overlord x2  
  144  8:51  Drone  
  144  8:52  Drone  
  144  8:53  Drone x2  
  148  9:14  Greater Spire  
  148  9:16  Mutalisk x6  
  160  9:25  Overlord x2  
  160  9:26  Overlord x2  
  160  9:36  Queen  
  162  9:46  Mutalisk  
  162  9:47  Mutalisk x4  
  166  10:17  Zerg Flyer Weapons Level 2  
  166  10:28  Corruptor x8  
  154  11:19  Zerg Flyer Armor Level 2  
  154  11:28  Brood Lord x4  
  154  11:29  Brood Lord x3  
  168  11:34  Zergling x16  
  168  11:35  Zergling x48  
  200  11:44  Hatchery  
  199  11:53  Zerg Melee Weapons Level 1, Hatchery  
  151  12:12  Corruptor x8  
  151  12:13  Corruptor  
  126  12:38  Corruptor  
  126  12:39  Corruptor x4  
  126  12:42  Zergling x2  
  126  12:43  Zergling x22  
  144  13:03  Brood Lord  
  144  13:04  Brood Lord x3  
  152  13:13  Evolution Chamber  
  151  13:35  Hatchery  
  150  13:51  Corruptor  
  150  13:52  Corruptor x9  
  150  13:54  Zergling x30  
  150  13:55  Zergling x2  
  133  14:47  Mutalisk x3  
  133  14:48  Mutalisk x4  
  133  14:49  Ultralisk Cavern  
  100  15:18  Mutalisk  
  100  15:19  Mutalisk x5  
  104  15:31  Roach x8  
  104  15:32  Roach x2  
  104  15:33  Zergling x2  
  104  15:34  Zergling x24  
Tags
 
Add a new tag
Caveats
  • Supply blocks, unpowered buildings, or Contaminate may cause inaccurate times.
  • Supply counts are checked every 10 seconds.